 Dungeon Crawl Stone Soup version 0.30.0-5-g1a98f26d00 (webtiles) character file.

Game seed: 10661101846994155942

8767 Cruella the Fighter (level 11, -10/84 HPs)
             Began as a Djinni Venom Mage on May 7, 2023.
             Was a Priest of Nemelex Xobeh.
             Mangled by a skeletal warrior
             ... wielding a +0 battleaxe
              (19 damage)
             ... on level 10 of the Dungeon on May 8, 2023.
             The game lasted 01:38:47 (8248 turns).

Cruella the Fighter (Djinni Venom Mage)             Turns: 8248, Time: 01:38:48

Health: -10/84     AC:  8    Str:  7    XL:     11   Next: 61%
Gold:   420        EV: 12    Int: 28    God:    Nemelex Xobeh [***...] SH:  0 Dex: 14

rFire   + + .        K - +6 mace of Veovukk {pain, rPois Int+3}
rCold   . . .        (no shield)
rNeg    . . .        z - +1 ring mail of Vlad {Int+4 Stlth+}
rPois   ∞            (no helmet)
rElec   .            (no cloak)
rCorr   .            J - +0 pair of gloves
SInv    .            (boots unavailable)
Will    +....        T - amulet of faith
Stlth   ++           y - ring of protection from cold
HPRegen 0.34/turn    P - ring of wizardry
MPRegen 0.00/turn

%: faith, wizardry (x1), infuse magic (-11 HP)
@: flying
A: sickness immunity, fire resistance 2, cold vulnerability 1, float, innate
caster, HP casting, extra vitality 1
a: Renounce Religion, Draw Escape, Draw Destruction, Draw Summoning, Triple Draw


You were on level 10 of the Dungeon.
You worshipped Nemelex Xobeh.
Nemelex Xobeh was most pleased with you.
You visited 2 branches of the dungeon, and saw 13 of its levels.
You also visited: Bailey.

You collected 680 gold pieces.
You spent 260 gold pieces at shops.

Inventory:

Hand Weapons
 a - a +2 falchion of holy wrath
 d - a +1 rapier of holy wrath
 e - a +1 long sword of flaming
 o - a +0 whip of flaming
 I - the +7 long sword "Olus" {heavy, rPois Will++}
   (You found it on level 8 of the Dungeon)

   rPois:     It protects you from poison.
   Will:      It greatly increases your willpower.
 K - the +6 mace of Veovukk (weapon) {pain, rPois Int+3}
   (You found it on level 5 of the Dungeon)

   Int:       It affects your intelligence (+3).
   rPois:     It protects you from poison.
 V - a +2 dagger of electrocution
 Y - a +0 spear
Missiles
 k - a throwing net
 p - 53 poisoned darts
 q - 7 curare-tipped darts
 M - 6 javelins
 R - 32 boomerangs
 S - 2 boomerangs of dispersal
Armour
 v - a +0 kite shield
 z - the +1 ring mail of Vlad (worn) {Int+4 Stlth+}
   (You found it on level 2 of the Dungeon)

   Int:       It affects your intelligence (+4).
   Stlth:     It makes you more stealthy.
 J - a +0 pair of gloves (worn)
Jewellery
 l - the ring "Kutechaw" {Ice rN+ Int+4}
   (You found it on level 9 of the Dungeon)

   [ring of ice]

   It enhances your ice magic.
   Int:       It affects your intelligence (+4).
   rF:        It makes you vulnerable to fire.
   rC:        It protects you from cold.
   rN:        It protects you from negative energy.
 y - a ring of protection from cold (left hand)
 D - an amulet of regeneration
 L - a ring of positive energy
 P - a ring of wizardry (right hand)
 T - an amulet of faith (around neck)
Wands
 j - a wand of flame (6)
 A - a wand of polymorph (13)
 C - a wand of light (15)
 O - a wand of iceblast (11)
 W - a wand of paralysis (5)
Scrolls
 b - a scroll of enchant armour
 c - 5 scrolls of fog
 g - 2 scrolls of vulnerability {unknown}
 h - a scroll of brand weapon {unknown}
 i - 3 scrolls of blinking {unknown}
 r - 3 scrolls of teleportation {unknown}
 t - 2 scrolls of poison {unknown}
 u - 3 scrolls of immolation
 w - 2 scrolls of summoning {unknown}
 H - a scroll of torment {unknown}
 U - a scroll of enchant weapon {unknown}
Potions
 f - a potion of lignification
 m - 3 potions of attraction
 n - a potion of might
 s - a potion of resistance
 x - a potion of invisibility {unknown}
 B - 2 potions of haste
 E - 2 potions of mutation
 F - 9 potions of curing
 N - a potion of cancellation
 Q - a potion of ambrosia


   Skills:
 - Level 9.3 Fighting
 - Level 5.1 Armour
 - Level 8.0 Dodging
 - Level 1.5 Stealth
 + Level 8.1 Spellcasting
 - Level 8.6 Invocations


You knew the following spells:

 Your Spells              Type           Power      Damage    Failure   Level
a - Sting                 Tmut/Pois      100%       1d8       1%          1
b - Poisonous Vapours     Pois/Air       100%       N/A       1%          2
c - Mephitic Cloud        Conj/Pois/Air  54%        N/A       1%          3
d - Olgreb's Toxic Radia  Pois           54%        N/A       1%          4
e - Sandblast             Erth           100%       2d20      1%          1
f - Lesser Beckoning      Tloc           100%       N/A       1%          2
g - Portal Projectile     Hex/Tloc       100%       N/A       1%          3
h - Animate Armour        Summ/Erth      100%       N/A       1%          4
i - Metabolic Englaciati  Hex/Ice        27%        N/A       6%          5
Your spell library was empty.

Dungeon Overview and Level Annotations

Branches:
Dungeon (12/15)            Temple (1/1) D:4            Lair (0/5) D:9
 Bailey (visited)
    Orc: D:9-12

Altars:
Ashenzari
Dithmenos
Elyvilon
Fedhas
Gozag
Nemelex Xobeh
Okawaru
Qazlal
Trog
Uskayaw
Wu Jian

Shops:
D:8 !   D:9 (

Annotations:
D:9 3 runed translucent doors, Zlot's ghost, novice DsBr


Innate Abilities, Weirdness & Mutations

You are immune to sickness and miasma.
You are immune to poison.
Your flesh is very heat resistant. (rF++)
You are vulnerable to cold. (rC-)
You float through the air rather than walking.
You learn spells naturally, not from books.
Your magical power is your life essence.
You have superior vitality. (+4 MHP)


Message History

Press: ? - help, Shift-Dir - straight line, f/p - skeletal warrior
Aim: a skeletal warrior, wielding a +0 battleaxe (black smoke, severely damaged, inner flame, 71% to hit)
The bolt of light hits the skeletal warrior but does no damage.
The skeletal warrior is severely damaged.
The skeletal warrior is blinded.
You hear a shout!
The skeletal warrior hits you with a +0 battleaxe!
* * * LOW HITPOINT WARNING * * *
The orc priest hits you with a +4 hand axe.
* * * LOW HITPOINT WARNING * * *
An orc comes into view. It is wielding a +0 club.
Aiming: Bolt of Light
Press: ? - help, Shift-Dir - straight line, f/p - skeletal warrior
Aim: a skeletal warrior, wielding a +0 battleaxe (black smoke, severely damaged, inner flame, blind, 71% to hit)
The bolt of light hits the skeletal warrior but does no damage.
The skeletal warrior is severely damaged.
The skeletal warrior hits you with a +0 battleaxe!
* * * LOW HITPOINT WARNING * * *
A skeletal warrior comes into view. It is wielding a +0 halberd.
The orc priest barely misses you.
Okay, then.
You draw... (choose one card, ? for their descriptions)
a - the Tomb
b - the Cloud c - Exile You have drawn Exile.
The orc is devoured by a tear in reality.
The skeletal warrior is devoured by a tear in reality.
The orc priest is devoured by a tear in reality.
You can no longer deal four cards at a time.
The skeletal warrior closely misses you.
Your Spellcasting skill increases to level 8!
Press: ? - help, v - describe, . - travel
Here: a skeletal warrior, wielding a +0 battleaxe (translocational energy, heavily damaged, inner flame, blind)
The floor.
Unknown command.
You feel better.
The skeletal warrior hits you with a +0 battleaxe!!
You die...
Your body glows with a rainbow of weird colours and disappears.

. #########
.....#.......#
......#......>#
...............#
............####
<......###.#z@#
..*........§§.#
.#°......##.§#
#...z.§##..##
.z##......##.##
.........#...#
......)○.#.###
....#o.#....
....#?.......


You could see a skeletal warrior (inner flame, blind).

Vanquished Creatures
  Sonja (D:11)
  A hornet (D:10)
  3 wyverns
  3 yaks (D:8)
  A steam dragon (D:6)
  2 water moccasins
  11 orc warriors
  A black bear (D:6)
  A sky beast (D:8)
  2 ogres (D:6)
  3 centaurs
  A tengu (D:4)
  7 bullfrogs
  4 kobold brigands
  A scorpion (D:4)
  2 gnoll sergeants (D:8)
  5 wights (D:9)
  16 killer bees
  5 howler monkeys
  2 jellies
  A gnoll bouda (D:9)
  7 orc priests
  2 hounds
  A sleepcap (D:6)
  Ijyb (D:3)
  2 iguanas
  10 orc wizards
  19 gnolls
  6 adders
  3 white imps
  2 ufetubi
  A worm (D:2)
  3 dart slugs
  44 orcs
  4 ball pythons
  4 bats
  2 endoplasms
  5 giant cockroaches
  8 hobgoblins
  A quokka (D:2)
  A frilled lizard (D:2)
  11 goblins
  42 kobolds
  5 rats
257 creatures vanquished.

Vanquished Creatures (collateral kills)
  A cyclops (D:11)
  A gargoyle (D:11)
  An ice beast (D:7)
  A phantom (D:6)
  A kobold brigand (D:6)
  3 wights (D:9)
  A howler monkey (D:7)
  A jelly (D:6)
  An orc priest (D:6)
  A sleepcap (D:6)
  An orc wizard (D:6)
  An adder (D:6)
  3 orcs (D:6)
  2 kobolds (D:6)
19 creatures vanquished.

Grand Total: 276 creatures vanquished

Notes
Turn   | Place    | Note
-------+----------+-------------------------------------------
     0 | D:1      | Cruella the Djinni Venom Mage began the quest for the Orb.
     0 | D:1      | Cruella set off with the following spells memorised: Sting,
                  | Poisonous Vapours, Mephitic Cloud, Olgreb's Toxic Radiance.
     0 | D:1      | Reached XP level 1. HP: 15/15 MP: 0/0
    96 | D:1      | Reached skill level 1 in Fighting
   233 | D:1      | Reached XP level 2. HP: 22/22 MP: 0/0
   380 | D:2      | Reached skill level 2 in Fighting
   405 | D:2      | Reached XP level 3. HP: 14/29 MP: 0/0
   405 | D:2      | Learned a level 1 spell: Sandblast
   830 | D:2      | Reached skill level 3 in Fighting
  1129 | D:2      | Found a faded altar of an unknown god.
  1131 | D:2      | Identified the +1 ring mail of Vlad {Int+4 Stlth+}
  1168 | D:2      | Reached XP level 4. HP: 21/35 MP: 0/0
  1614 | D:3      | Noticed Ijyb
  1637 | D:3      | Killed Ijyb
  1638 | D:3      | Reached skill level 1 in Armour
  1854 | D:4      | Found a staircase to the Ecumenical Temple.
  1863 | Temple   | Entered the Ecumenical Temple
  1884 | Temple   | Became a worshipper of Nemelex Xobeh the Trickster
  2025 | D:4      | Reached XP level 5. HP: 29/41 MP: 0/0
  2025 | D:4      | Learned a level 2 spell: Lesser Beckoning
  2298 | D:4      | Noticed an ice beast
  2307 | D:4      | Reached skill level 9 in Fighting
  2307 | D:4      | Reached XP level 6. HP: 23/56 MP: 0/0
  2312 | D:4      | an ice beast changed into a tengu
  2312 | D:4      | Noticed a tengu
  2327 | D:4      | Killed a tengu
  2328 | D:4      | Reached XP level 7. HP: 24/61 MP: 0/0
  2328 | D:4      | Learned a level 3 spell: Portal Projectile
  2552 | D:4      | Reached * piety under Nemelex Xobeh
  3010 | D:3      | Found a bloodstained altar of Trog.
  3035 | D:3      | Received a gift from Nemelex Xobeh
  3054 | D:3      | Found a white marble altar of Elyvilon.
  3477 | D:5      | Entered Level 5 of the Dungeon
  3634 | D:5      | Reached XP level 8. HP: 45/67 MP: 0/0
  3653 | D:5      | Reached skill level 5 in Armour
  3947 | D:5      | Received a gift from Nemelex Xobeh
  3980 | D:5      | Identified the +6 mace of Veovukk {pain, rPois Int+3}
  4064 | D:5      | Reached skill level 1 in Invocations
  4245 | D:6      | Reached ** piety under Nemelex Xobeh
  4312 | D:6      | Noticed Eustachio
  4323 | D:6      | Eustachio changed into Eustachio the jelly
  4323 | D:6      | Noticed Eustachio
  4330 | D:6      | Killed Eustachio the jelly
  4334 | D:6      | Reached XP level 9. HP: 72/72 MP: 0/0
  4334 | D:6      | Learned a level 4 spell: Animate Armour
  4518 | D:6      | Reached skill level 5 in Invocations
  5134 | D:6      | Upgraded the game from 0.30.0-2-g1aa4bd4387 to
                  | 0.30.0-5-g1a98f26d00
  5730 | D:8      | Reached XP level 10. HP: 61/78 MP: 0/0
  5753 | D:8      | Found a flagged portal.
  5764 | Bailey   | Entered a bailey
  5840 | Bailey   | Received a gift from Nemelex Xobeh
  6629 | D:8      | Reached *** piety under Nemelex Xobeh
  6701 | D:8      | Received a gift from Nemelex Xobeh
  6720 | D:8      | Reached skill level 5 in Dodging
  6736 | D:8      | Found a broken altar of Ashenzari.
  6807 | D:8      | Identified the +7 long sword "Olus" {heavy, rPois Will++}
  6923 | D:8      | Found Zeejuan's Distillery.
  6936 | D:8      | Bought a potion of heal wounds for 65 gold pieces
  6936 | D:8      | Bought a potion of might for 52 gold pieces
  6936 | D:8      | Bought a potion of curing for 39 gold pieces
  6936 | D:8      | Bought a potion of magic for 104 gold pieces
  7139 | D:9      | Reached XP level 11. HP: 77/84 MP: 0/0
  7139 | D:9      | Learned a level 5 spell: Metabolic Englaciation
  7141 | D:9      | Found a blossoming altar of Fedhas.
  7157 | D:9      | Found a stormy altar of Qazlal.
  7228 | D:9      | Found Vaad's Firing Range.
  7237 | D:9      | Identified the ring "Kutechaw" {Ice rN+ Int+4}
  7316 | D:9      | Found a staircase to the Lair.
  7319 | D:9      | Found an iron altar of Okawaru.
  7449 | D:9      | Noticed a tengu warrior
  7450 | D:9      | Noticed a centaur warrior
  7451 | D:9      | Noticed Zlot's ghost (novice DsBr)
  7460 | D:9      | Found a runed translucent gate.
  7460 | D:9      | Found a runed translucent gate.
  7460 | D:9      | Found a runed translucent gate.
  7655 | D:9      | Found an ornate altar of the Wu Jian Council.
  7828 | D:10     | Entered Level 10 of the Dungeon
  7828 | D:10     | Found a shadowy altar of Dithmenos.
  7845 | D:10     | You are sucked into a shaft and drop 2 floors!
  7853 | D:12     | Received a gift from Nemelex Xobeh
  7888 | D:11     | Reached **** piety under Nemelex Xobeh
  7982 | D:11     | Noticed Sonja
  7986 | D:11     | Killed Sonja
  8014 | D:11     | Noticed a cyclops
  8040 | D:11     | Killed a cyclops
  8221 | D:10     | Noticed a skeletal warrior
  8222 | D:10     | Noticed a skeletal warrior
  8246 | D:10     | HP: 4/84 [skeletal warrior/+0 battleaxe (13)]
  8246 | D:10     | Noticed a skeletal warrior
  8247 | D:10     | Banished a skeletal warrior
  8248 | D:10     | Mangled by a skeletal warrior

Illustrated notes

Levels and vault maps discovered:
D:1:      nicolae_arrival_washed_ashore, layout_loops_ring
D:2:      layout_loops_ring, hellmonk_ecumenical_altar_crossroads
D:3:      layout_basic, kennysheep_ying_yang, bloody_trog,
          kennysheep_generic_room_11, uniq_ijyb
D:4:      layout_loops_corners, grunt_temple_overflow_magic_moments,
          minmay_temple_entry_statues_pillars, nicolae_elevator_lobby_asterisk
D:5:      dreamdust_elfheim, layout_basic, nicolae_hepliaklqana_hippocampus,
          grunt_ministairs_4
D:6:      layout_rooms, water_maze_lemuel, uniq_eustachio
D:7:      layout_cave_pools
D:8:      layout_basic, overflow_temple_1_default, enter_bailey_5, serial_shops,
          shop, grunt_ministairs_7, minmay_fire_ice_demons
D:9:      layout_roguey, okawaru_trees_1, lemuel_doored_altar,
          mainiacjoe_overflow_small_starburst, fedhas_altar_1,
          gammafunk_ghost_split, nicolae_shop_firing_range
D:10:     layout_rooms, grunt_temple_overflow_champion_of_chaos,
          mainiacjoe_overflow_catwalk, grunt_dithmenos_smoke, erik_orc_1
D:11:     layout_roguey, zin_scriptorium, uniq_sonja
D:12:     layout_long_grid, minmay_protected_statue
Temple:   nicolae_temple_superstar

Skill      XL: |  1  2  3  4  5  6  7  8  9 10 11 |
---------------+----------------------------------+-----
Fighting       | 1 2 3 9 |  9.3
Armour         | 1 2 3 4 5 |  5.1
Spellcasting   | 6 7 8 |  8.1
Invocations    | 3 6 8 |  8.6
Dodging        | 6 8 |  8.0
Stealth        | |  1.5

Action                     |  1- 3 |  4- 6 |  7- 9 | 10-12 || total
---------------------------+-------+-------+-------+-------++-------
  Melee: Whip              |    57 |    51 |    55 |       ||   163
         Punch             |     1 |       |     1 |       ||     2
         Mace              |       |       |    43 |    66 ||   109
   Cast: Sting             |    33 |    17 |    44 |    33 ||   127
         Poisonous Vapours |       |     4 |     2 |     5 ||    11
         Mephitic Cloud    |       |     2 |    23 |    25 ||    50
         Olgreb's Toxic Ra |       |       |    15 |    22 ||    37
         Lesser Beckoning  |       |       |     1 |       ||     1
         Sandblast         |       |       |     9 |    21 ||    30
 Invoke: Draw Destruction  |       |       |    10 |     7 ||    17
         Draw Escape       |       |       |     2 |     5 ||     7
         Draw Summoning    |       |       |     3 |     4 ||     7
         Triple Draw       |       |       |       |     1 ||     1
  Evoke: Wand              |       |     1 |     1 |     4 ||     6
    Use: Potion            |       |     5 |     3 |     4 ||    12
         Scroll            |       |       |       |     9 ||     9
   Stab: Sleeping          |     1 |       |       |       ||     1
         Confused          |       |     3 |    10 |     5 ||    18
 Armour: Robe              |    18 |    11 |    24 |       ||    53
         Skin              |       |    24 |    12 |       ||    36
         Ring mail         |       |       |    15 |    27 ||    42
  Dodge: Dodged            |    45 |    46 |   102 |    81 ||   274
